 Dungeon Crawl Stone Soup version 0.28-a0-909-g796cbd3a86 (webtiles) character file.

Game seed: 2863836213713566542

4015 bjtr the Geomancer (level 10, -2/63 HPs)
             Began as a Formicid Earth Elementalist on Nov 25, 2021.
             Was a Follower of Vehumet.
             Slain by a two-headed ogre (16 damage)
             ... on level 7 of the Dungeon.
             The game lasted 00:40:40 (10244 turns).

bjtr the Geomancer (Formicid Earth Elementalist)   Turns: 10244, Time: 00:40:41

Health: -2/63      AC:  6    Str: 14    XL:     10   Next: 47%
Magic:  19/22      EV: 11    Int: 18    God:    Vehumet [*.....]
Gold:   419        SH:  0    Dex: 11    Spells: 15/25 levels left

rFire   + . .      SeeInvis +   a - +4 spear "Coerag" {venom, rElec rPois Str-5}
rCold   . . .      Faith    .   (no shield)
rNeg    . . .      Spirit   .   B - +0 acid dragon scales
rPois   +          Reflect  .   (helmet unavailable)
rElec   +          Harm     .   (no cloak)
rCorr   +          Rampage  .   (no gloves)
Will    +....                   (no boots)
Stlth   ++........              (no amulet)
HPRegen 0.20/turn               e - +6 ring of strength
MPRegen 0.18/turn               n - ring of protection from fire

@: no status effects
A: permanent stasis, dig shafts and tunnels, antennae 3, four strong arms
a: Dig, Shaft Self, Renounce Religion


You were on level 7 of the Dungeon.
You worshipped Vehumet.
Vehumet was aware of your devotion.
You visited 2 branches of the dungeon, and saw 8 of its levels.

You collected 419 gold pieces.

Inventory:

Hand Weapons
 a - the +4 spear "Coerag" (weapon) {venom, rElec rPois Str-5}
   (You took it off an orc on level 4 of the Dungeon)

   It poisons the flesh of those it strikes.
   Str:       It affects your strength (-5).
   rElec:     It insulates you from electricity.
   rPois:     It protects you from poison.
 f - a +1 short sword
 j - a +0 war axe of draining
 o - a +0 flail
 r - a +0 falchion
 u - a +0 war axe
 w - a +1 vorpal hunting sling
 y - a +0 rapier
 A - a +0 shortbow
Missiles
 c - 48 stones
 g - 8 boomerangs
 h - 134 arrows
 k - a throwing net (quivered)
 l - 61 sling bullets
Armour
 d - a +0 ring mail
 m - a +2 robe of cold resistance
 v - a +0 scale mail
 B - +0 acid dragon scales (worn)
 C - a +0 leather armour
Magical Staves
 D - a staff of conjuration
Jewellery
 e - a +6 ring of strength (left hand)
 i - an amulet of faith
 n - a ring of protection from fire (right hand)
Wands
 b - a wand of acid (9)
 s - a wand of flame (14)
Scrolls
 q - 4 scrolls of amnesia
Potions
 p - 2 potions of magic
 x - 2 potions of flight


   Skills:
 - Level 1.7 Dodging
 - Level 2.4 Stealth
 + Level 8.2 Spellcasting
 + Level 3.9 Conjurations
 - Level 1.1 Transmutations
 * Level 12.2 Earth Magic
 * Level 7.1 Poison Magic


You had 15 spell levels left.
You knew the following spells:

 Your Spells              Type           Power      Damage    Failure   Level
a - Sandblast             Erth           100%       2d20      1%          1
b - Passwall              Tmut/Erth      25%        N/A       1%          2
c - Stone Arrow           Conj/Erth      72%        3d11      1%          3
d - Mephitic Cloud        Conj/Pois/Air  20%        N/A       10%         3
e - Foxfire               Conj/Fire      56%        2x1d6     6%          1

Your spell library contained the following spells:

 Spells                   Type           Power      Damage    Failure   Level
 Magic Dart               Conj           84%        1d7       2%          1
 Petrify                  Tmut/Erth      31%        N/A       9%          4
 Call Imp                 Summ           7%         N/A       22%         2
 Tukima's Dance           Hex            7%         N/A       38%         3
 Passage of Golubria      Tloc           7%         N/A       80%         4
 Yara's Violent Unravell  Hex/Tmut       4%         3d4       97%         5


Dungeon Overview and Level Annotations

Branches:
Dungeon (7/15)             Temple (1/1) D:4

Altars:
Ashenzari
Cheibriados
Dithmenos
Elyvilon
Fedhas
Gozag
Hepliaklqana
Kikubaaqudgha
Makhleb
Nemelex Xobeh
Okawaru
Qazlal
Ru
Sif Muna
Trog
Uskayaw
Vehumet
Wu Jian
Xom
Yredelemnul
Zin
The Shining One

Shops:
D:2 (   D:5 ?   D:7 :

Annotations:
D:6 2 transporters, Encipher's ghost, amateur FoWr


Innate Abilities, Weirdness & Mutations

You cannot be hasted, slowed, berserked, paralysed or teleported.
You can dig through walls and to a lower floor.
You have a pair of large antennae on your head. (SInv)
Your four strong arms can wield two-handed weapons with a shield.


Message History

* * * LOW HITPOINT WARNING * * *
The centaur shoots an arrow.
The arrow hits you.
* * * LOW HITPOINT WARNING * * *
You dig through the rock wall.
The centaur shoots an arrow.
The arrow hits you.
* * * LOW HITPOINT WARNING * * *
You retract your mandibles.
You extend your mandibles.
You dig through the rock wall.
You dig through the rock wall.
You dig through the rock wall.
You dig through the rock wall.
You dig through the rock wall.
The two-headed ogre closely misses you.
The two-headed ogre hits you with a +0 giant club.
* * * LOW HITPOINT WARNING * * *
You dig through the rock wall.
You dig through the rock wall.
You dig through the rock wall.
You dig through the rock wall.
Okay, then.
You dig through the rock wall.
You dig through the rock wall.
You dig through the rock wall.
You dig through the rock wall.
You hear a shout!
The two-headed ogre completely misses you.
The two-headed ogre barely misses you.
You dig through the rock wall.
You retract your mandibles.
Casting: Sandblast (safe; 1% risk of failure)
Confirm with . or Enter, or press ? or * to list all spells.
Okay, then.
Found a whip.
Casting: Sandblast (safe; 1% risk of failure)
Confirm with . or Enter, or press ? or * to list all spells.
Aiming: Mephitic Cloud (dangerous; 10% risk of failure)
Press: ? - help, Shift-Dir - straight line The ball explodes into a vile cloud!
The stinking cloud engulfs the two-headed ogre but does no damage.
The two-headed ogre hits you with a +0 giant spiked club!
You die...

###### ....# ##..#
##..@################
#..§☼Oc.............#
##..§########.#.##.#.
##.## #.#.##.## #.
#.#)##.# #. #.#....#
##+# #.###..# ##...##
#......## ##.....##
##.#..##.


You could see a two-headed ogre and a centaur.

Vanquished Creatures
  An ugly thing (D:7)
  Maggie (D:7)
  Prince Ribbit (D:5)
  Eustachio (D:5)
  3 steam dragons (D:7)
  2 water moccasins (D:6)
  2 sky beasts (D:6)
  2 ice beasts (D:6)
  An orc warrior (D:6)
  A necrophage (D:5)
  2 black bears (D:7)
  2 ogres (D:6)
  A centaur (D:5)
  A phantom (D:4)
  5 bullfrogs
  3 water moccasin zombies
  A wyvern zombie (D:5)
  3 water moccasin skeletons
  A killer bee (D:7)
  A howler monkey (D:4)
  4 bullfrog zombies (D:5)
  A hound (D:5)
  A gnoll shaman (D:5)
  2 orc priests
  3 orc wizards
  An iguana (D:5)
  A scorpion zombie (D:5)
  A hound skeleton (D:5)
  A hound zombie (D:5)
  A howler monkey zombie (D:5)
  10 gnolls
  6 adders
  A white imp (D:6)
  3 ufetubi
  An adder skeleton (D:5)
  A worm (D:4)
  13 orcs
  3 bats
  6 endoplasms
  2 giant cockroaches
  3 goblins
  4 hobgoblins
  2 jackals (D:2)
  4 quokkas
  5 ball pythons
  3 frilled lizards
  7 kobolds
  7 rats
132 creatures vanquished.

Vanquished Creatures (others)
  6 withered plants (D:5)
6 creatures vanquished.

Grand Total: 138 creatures vanquished

Notes
Turn   | Place    | Note
-------+----------+-------------------------------------------
     0 | D:1      | bjtr the Formicid Earth Elementalist began the quest for
                  | the Orb.
     0 | D:1      | Reached XP level 1. HP: 13/13 MP: 3/3
    97 | D:1      | Reached skill level 4 in Earth Magic
   144 | D:1      | Reached XP level 2. HP: 19/19 MP: 3/5
   147 | D:1      | Learned a level 2 spell: Passwall
  1049 | D:2      | Reached XP level 3. HP: 19/24 MP: 4/6
  1264 | D:2      | Found a faded altar of an unknown god.
  1271 | D:2      | Learned a level 3 spell: Stone Arrow
  1471 | D:2      | Found Oboal's Weapon Shoppe.
  2288 | D:3      | Reached skill level 5 in Earth Magic
  2288 | D:3      | Reached XP level 4. HP: 29/30 MP: 5/8
  2629 | D:3      | Reached skill level 1 in Poison Magic
  2965 | D:4      | Reached XP level 5. HP: 35/35 MP: 7/9
  3264 | D:4      | Noticed a phantom
  3270 | D:4      | Killed a phantom
  3271 | D:4      | Reached skill level 6 in Earth Magic
  3271 | D:4      | Reached XP level 6. HP: 41/41 MP: 4/11
  3864 | D:4      | Found a staircase to the Ecumenical Temple.
  3873 | Temple   | Entered the Ecumenical Temple
  4241 | D:4      | Identified the +4 spear "Coerag" {venom, rElec rPois Str-5}
  4817 | D:4      | Found a burning altar of Makhleb.
  5144 | D:4      | Learned a level 3 spell: Mephitic Cloud
  5196 | D:5      | Entered Level 5 of the Dungeon
  5203 | D:5      | Found a white marble altar of Elyvilon.
  5203 | D:5      | Found an opulent altar of Gozag.
  5215 | D:5      | Found Moguyth's Magic Scroll Emporium.
  5241 | D:5      | Reached skill level 7 in Earth Magic
  5241 | D:5      | Reached XP level 7. HP: 45/46 MP: 6/13
  5407 | D:5      | Noticed Eustachio
  5411 | D:5      | Killed Eustachio
  5444 | D:5      | Reached skill level 5 in Spellcasting
  5444 | D:5      | Reached skill level 8 in Earth Magic
  5562 | D:5      | Reached XP level 8. HP: 42/52 MP: 11/15
  5634 | D:5      | Found a radiant altar of Vehumet.
  5641 | D:5      | Became a worshipper of Vehumet
  6245 | D:5      | Noticed Prince Ribbit
  6584 | D:5      | Reached skill level 1 in Conjurations
  6584 | D:5      | Reached skill level 9 in Earth Magic
  6601 | D:5      | Killed Prince Ribbit
  6752 | D:5      | Reached XP level 9. HP: 6/57 MP: 14/18
  7439 | D:6      | Reached skill level 5 in Poison Magic
  7524 | D:6      | Reached skill level 10 in Earth Magic
  8094 | D:6      | Found a transporter.
  8631 | D:6      | Noticed Encipher's ghost (amateur FoWr)
  8716 | D:6      | Found a transporter.
  9059 | D:6      | Reached skill level 11 in Earth Magic
  9428 | D:7      | Noticed a death knight
  9428 | D:7      | Noticed a komodo dragon
  9527 | D:7      | Reached XP level 10. HP: 22/63 MP: 14/21
  9787 | D:7      | Noticed Maggie
  9800 | D:7      | Killed Maggie
  9938 | D:7      | Reached skill level 12 in Earth Magic
 10055 | D:7      | Noticed a white ugly thing
 10059 | D:7      | Found Qisyarph's Self-Improvement Boutique.
 10065 | D:7      | Killed a white ugly thing
 10065 | D:7      | Reached * piety under Vehumet
 10065 | D:7      | Offered knowledge of Foxfire by Vehumet.
 10081 | D:7      | Learned a level 1 spell: Foxfire
 10181 | D:7      | Noticed a two-headed ogre
 10244 | D:7      | Slain by a two-headed ogre

Illustrated notes

Levels and vault maps discovered:
D:1:      heliophobic_arrival_enchanted_forest, layout_loops_cross, st_stairs_6,
          corexii_corridor_pit, chequers_serial_rivers_micro_e,
          minmay_misc_feat_rugged, minivault_23,
          wander_ebering_terrifying_dragon_lair
D:2:      layout_loops_ring, shapermc_ecumenical_altar_flowoftime, serial_shops,
          nicolae_lakefront_shop
D:3:      layout_loops_cross
D:4:      layout_cave_pods, mainiacjoe_overflow_boulevard,
          minmay_temple_entry_water_ring, minivault_24
D:5:      layout_loops_cross, chequers_temple_overflow_statue_of_worship,
          mainiacjoe_overflow_24_doors, serial_undead, serial_undead_e,
          serial_undead_f, serial_undead_c, serial_undead_a, serial_undead_f,
          serial_shops, shop, chequers_serial_rivers_marsh,
          kennysheep_generic_room_7, uniq_prince_ribbit1, uniq_eustachio
D:6:      layout_cave_pods, gammafunk_ghost_stat_death, lemuel_flamethrower_2
D:7:      minmay_the_grid_octo_triangle [minmay_the_grid_octo_vomiting_pacman,
          minmay_the_grid_octo_prize_single_spiral,
          minmay_the_grid_octo_clover_2], layout_loops_corners, serial_glass,
          glass_columns_a, glass_columns_a, nicolae_shop_self_help, uniq_maggie
Temple:   dpeg_five_rooms_temple

Skill      XL: |  1  2  3  4  5  6  7  8  9 10 |
---------------+-------------------------------+-----
Earth Magic    | 4 5 6 7 8 9 11 12 | 12.2
Poison Magic   | 1 2 3 4 6 7 |  7.1
Spellcasting   | 3 4 5 6 7 8 |  8.2
Conjurations   | 1 3 |  3.9
Dodging        | |  1.7
Stealth        | |  2.4
Transmutations | |  1.1

Action                   |  1- 3 |  4- 6 |  7- 9 | 10-12 || total
-------------------------+-------+-------+-------+-------++-------
Melee: Short sword       |    66 |     9 |       |       ||    75
       Spear             |       |    15 |   201 |    18 ||   234
Throw: Boomerang         |       |       |     1 |       ||     1
       Throwing net      |       |       |       |     2 ||     2
 Cast: Sandblast         |    24 |    56 |     5 |    16 ||   101
       Stone Arrow       |       |     2 |    43 |     7 ||    52
       Mephitic Cloud    |       |       |     3 |     1 ||     4
 Abil: Dig               |     1 |     1 |     5 |     3 ||    10
Evoke: Wand              |       |       |       |     2 ||     2
  Use: Scroll            |       |     5 |     4 |       ||     9
       Potion            |       |       |     1 |     2 ||     3
 Stab: Sleeping          |     2 |       |     1 |       ||     3
Armor: Ring mail         |    24 |       |       |       ||    24
       Robe              |       |     8 |    44 |       ||    52
       Acid dragon scale |       |       |       |     2 ||     2
Dodge: Dodged            |    38 |    25 |   136 |    27 ||   226

Table legend: (Time is in decaauts)
 A = Elapsed time spent in this place.
 B = Non-inter-level travel time spent in this place.
 C = Inter-level travel time spent in this place.
 D = Time resting spent in this place.
 E = Time spent auto-exploring this place.
 F = Levels seen in this place.
 G = Mean time per level.
                   A        B        C        D        E       F      G
               +--------+--------+--------+--------+--------+-----+--------+
         Total |  10292 |   9979 |    313 |   3145 |   5215 |   8 | 1286.5 |
       Dungeon |   9935 |   9758 |    177 |   3145 |   5014 |   7 | 1419.3 |
        Temple |    356 |    220 |    136 |      0 |    201 |   1 |  356.0 |
               +--------+--------+--------+--------+--------+-----+--------+

Top non-repeatable levels by time:
     D:5: 2453 daAuts
     D:4: 1959 daAuts
     D:6: 1949 daAuts
     D:3: 1012 daAuts
     D:1: 940 daAuts
     D:2: 937 daAuts
     D:7: 682 daAuts
  Temple: 356 daAuts
